 Dungeon Crawl Stone Soup version 0.30-a0-721-ga6a225cb13 (webtiles) character file.

Game seed: 3161965804835101518

387 Bnni the Cutter (level 6, -1/29 (33) HPs)
             Began as a Vine Stalker Fighter on Jan 26, 2023.
             Succumbed to a wight's poison
             ... on level 5 of the Dungeon.
             The game lasted 00:04:41 (2894 turns).

Bnni the Cutter (Vine Stalker Fighter)              Turns: 2894, Time: 00:04:41

HP:   -1/29 (33)    AC:  8    Str: 18    XL:     6   Next: 78%
MP:   0/7           EV:  9    Int:  8    God:
Gold: 244           SH:  5    Dex: 16    Spells: 5/5 levels left

rFire   + . .      SeeInvis .    a - +0 rapier
rCold   + + .      Faith    .    c - +0 buckler
rNeg    . . .      Spirit   +    b - +0 scale mail
rPois   +          Reflect  .    r - +0 helmet
rElec   +          Harm     .    (no cloak)
rCorr   +          Rampage  .    (no gloves)
Will    .....                    y - +0 pair of boots
Stlth   +                        C - amulet of the acrobat
HPRegen 1.04/turn                v - +4 ring of slaying
MPRegen 0.10/turn                i - ring of protection from cold

@: lethally poisoned (-1 -> -11), resistant, hasted, heavily drained, very quick
A: fangs 2, regeneration 1, magic shield, antimagic bite, no potion heal 2
a: no special abilities


You were on level 5 of the Dungeon.
You visited 1 branch of the dungeon, and saw 5 of its levels.

You collected 244 gold pieces.

Inventory:

Hand Weapons
 a - a +0 rapier (weapon)
Armour
 b - a +0 scale mail (worn)
 c - a +0 buckler (worn)
 r - a +0 helmet (worn)
 y - a +0 pair of boots (worn)
Jewellery
 i - a ring of protection from cold (right hand)
 v - a +4 ring of slaying (left hand)
 C - an amulet of the acrobat (around neck)
 D - a ring of flight
Wands
 x - a wand of light (14)
Scrolls
 e - a scroll of acquirement {unknown}
 h - a scroll of teleportation {unknown}
 j - 3 scrolls of immolation {unknown}
 l - a scroll of amnesia {unknown}
 n - a scroll of blinking {unknown}
 o - 2 scrolls of poison {unknown}
 p - a scroll of fog {unknown}
 s - a scroll of magic mapping {unknown}
 t - a scroll of noise {unknown}
 u - 5 scrolls of identify {unknown}
Potions
 d - a potion of might
 g - a potion of heal wounds {unknown}
 k - a potion of attraction {unknown}
 m - a potion of brilliance {unknown}
 q - a potion of lignification {unknown}
 w - a potion of mutation {unknown}
 z - a potion of cancellation {unknown}
 A - a potion of haste
 B - a potion of flight {unknown}


   Skills:
 + Level 3.9 Fighting
 * Level 4.4 Short Blades
 - Level 2.4 Armour
 + Level 2.4 Stealth
 - Level 4.0 Shields


You had 5 spell levels left.
You didn't know any spells.
Your spell library contained the following spells:

 Spells                   Type           Power      Damage    Failure   Level
 Sandblast                Erth           0%         2d4       88%         1
 Passwall                 Tmut/Erth      0%         N/A       95%         2
 Stone Arrow              Conj/Erth      0%         3d7       99%         3


Dungeon Overview and Level Annotations

Branches:
Dungeon (5/15)
 Temple: D:4-7

Altars:
Fedhas
Hepliaklqana
Wu Jian
Yredelemnul


Innate Abilities, Weirdness & Mutations

You have extremely sharp teeth.
Your natural rate of healing is unusually fast.
When hurt, damage is shared between your health and your magic reserves.
Your bite disrupts and absorbs the magic of your enemies.
Potions cannot restore your health.


Message History

You feel drained.
You are poisoned.
You hit the wight. Your bite misses the wight.
The wight is severely damaged.
You feel very sick.
A wight comes into view. It is wielding a +0 falchion.
You hit the wight but do no damage. Your bite misses the wight.
The wight is severely damaged.
You feel sick.
The wight hits you with a +1 trident of venom.
You feel drained.
You are more poisoned.
The wight barely misses you.
You feel very sick. You block the wight's attack.
Things that are here:
a +0 spear; a +0 robe The wight attacks as you move away!
The wight completely misses you.
You feel very sick.
You hit the wight but do no damage. You bite the wight. You drain its power.
You feel invigorated.
The wight is lightly damaged.
You feel very sick. The wight hits you with a +0 falchion.
* * * LOW HITPOINT WARNING * * *
It was a potion of haste.
You feel yourself speed up.
You feel sick. The wight closely misses you.
You hit the wight. You bite the wight. You drain its power.
You feel invigorated.
The wight is heavily damaged.
You feel sick.
The wight hits you from afar with a +1 trident of venom.
* * * LOW HITPOINT WARNING * * *
You are lethally poisoned!
The wight hits you with a +0 falchion.
* * * LOW HITPOINT WARNING * * *
You feel drained.
It was a potion of resistance.
You feel protected.
You die...

....# #...#
##...# ##
#....####...
### #..........
... #....)....
#.# ##..#
#.###z.##
#.#.#@# #>z#.#
# #..#z####..#
####...........
#.....#.......#
#.###.######..#
#.# #.# #.# #..
#.# #.##


You could see 2 wights.

Vanquished Creatures
  An ice beast (D:5)
  A wight (D:5)
  An orc priest (D:4)
  A hound (D:4)
  An orc wizard (D:4)
  Robin (D:2)
  4 gnolls (D:4)
  An adder (D:5)
  An ufetubus (D:5)
  An adder zombie (D:3)
  A worm (D:4)
  3 dart slugs
  6 orcs (D:4)
  5 bats
  5 endoplasms
  2 giant cockroaches (D:4)
  12 goblins
  11 hobgoblins
  6 kobolds
  4 quokkas
  5 ball pythons
  7 frilled lizards
  A giant cockroach zombie (D:3)
  6 rats
87 creatures vanquished.

Notes
Turn   | Place    | Note
-------+----------+-------------------------------------------
     0 | D:1      | Bnni the Vine Stalker Fighter began the quest for the Orb.
     0 | D:1      | Reached XP level 1. HP: 11/11 MP: 2/2
   252 | D:1      | Found a faded altar of an unknown god.
   293 | D:1      | Reached XP level 2. HP: 16/16 MP: 3/3
   964 | D:2      | Reached XP level 3. HP: 19/19 MP: 4/4
  1055 | D:2      | Noticed Robin
  1088 | D:2      | Killed Robin
  1220 | D:2      | Gained mutation: Your natural rate of healing is unusually
                  | fast. [Vine Stalker growth]
  1220 | D:2      | Reached XP level 4. HP: 24/24 MP: 5/5
  1530 | D:3      | Found a basalt altar of Yredelemnul.
  1804 | D:4      | Reached XP level 5. HP: 4/28 MP: 1/6
  1864 | D:4      | Found a blossoming altar of Fedhas.
  2203 | D:4      | Reached skill level 1 in Stealth
  2341 | D:4      | Reached XP level 6. HP: 32/32 MP: 7/7
  2745 | D:4      | Found an ornate altar of the Wu Jian Council.
  2790 | D:5      | Entered Level 5 of the Dungeon
  2821 | D:5      | Found a hazy altar of Hepliaklqana.
  2858 | D:5      | Noticed an ice beast
  2872 | D:5      | Killed an ice beast
  2893 | D:5      | HP: 1/30 [wight/+0 falchion (1)]
  2894 | D:5      | Succumbed to a wight's poison

Illustrated notes

Levels and vault maps discovered:
D:1:      minmay_arrival_glassed_features, layout_basic,
          ebering_ecumenical_altar_hall, dreamdust_mushroom_princess
D:2:      layout_basic, uniq_robin
D:3:      layout_rooms, lemuel_zombie_altar_yredelemnul
D:4:      layout_basic, lemuel_coloured_pillars_altar, lemuel_crystal_altar
D:5:      layout_loops_ring, kennysheep_little_box, lemuel_round_altar,
          serial_shops, nicolae_stop_n_shop_2

Skill      XL: |  1  2  3  4  5  6 |
---------------+-------------------+-----
Short Blades   | 2 3 4 |  4.4
Shields        | 3 4 |  4.0
Fighting       | 3 |  3.9
Stealth        | 1 2 |  2.4
Armour         | |  2.4

Action                     |  1- 3 |  4- 6 || total
---------------------------+-------+-------++-------
  Melee: Rapier            |   103 |   146 ||   249
         Bite              |    25 |    42 ||    67
    Use: Potion            |       |     2 ||     2
 Armour: Scale mail        |    41 |    57 ||    98
  Dodge: Dodged            |    30 |    62 ||    92
  Block: Buckler           |    20 |    32 ||    52

Table legend: (Time is in decaauts)
 A = Elapsed time spent in this place.
 B = Non-inter-level travel time spent in this place.
 C = Inter-level travel time spent in this place.
 D = Time resting spent in this place.
 E = Time spent auto-exploring this place.
 F = Levels seen in this place.
 G = Mean time per level.
                   A        B        C        D        E       F      G
               +--------+--------+--------+--------+--------+-----+--------+
         Total |   2914 |   2818 |     96 |     21 |   2224 |   5 |  582.8 |
       Dungeon |   2914 |   2818 |     96 |     21 |   2224 |   5 |  582.8 |
               +--------+--------+--------+--------+--------+-----+--------+

Top non-repeatable levels by time:
     D:4: 1022 daAuts
     D:1: 679 daAuts
     D:2: 659 daAuts
     D:3: 449 daAuts
     D:5: 104 daAuts
